 Dungeon Crawl Stone Soup version 0.31.0-9-g3a7656b989 (webtiles) character file.

Game seed: 10149462432646917168

543 Peloso the Covered (level 7, -2/61 HPs)
             Began as a Minotaur Fighter on Jan 31, 2024.
             Killed from afar by an orc wizard (9 damage)
             ... with a magic dart
             ... on level 5 of the Dungeon.
             The game lasted 00:06:53 (2547 turns).

Peloso the Covered (Minotaur Fighter)               Turns: 2547, Time: 00:06:55

Health: -2/61      AC: 12    Str: 20    XL:     7   Next: 6%
Magic:  6/6        EV:  6    Int:  5    God:
Gold:   139        SH:  5    Dex: 12    Spells: 6/6 levels left

rFire   . . .        a - +0 long sword
rCold   . . .        d - +0 buckler
rNeg    . . .        c - +0 plate armour
rPois   .            (helmet restricted)
rElec   .            (no cloak)
rCorr   .            (no gloves)
SInv    .            (no boots)
Will    .....        (no amulet) Stlth
                     (no ring)
HPRegen 0.30/turn    (no ring)
MPRegen 0.10/turn

%: no passive effects
@: no status effects
A: horns 2, retaliatory headbutt
a: no special abilities


You were on level 5 of the Dungeon.
You visited 1 branch of the dungeon, and saw 5 of its levels.
You also visited: Sewer.

You collected 139 gold pieces.

Inventory:

Hand Weapons
 a - a +0 long sword (weapon)
Armour
 b - a +0 scale mail
 c - a +0 plate armour (worn)
 d - a +0 buckler (worn)
Scrolls
 f - 2 scrolls of teleportation
 g - 3 scrolls of identify
 h - a scroll of fog
 m - a scroll of vulnerability {unknown}
 o - a scroll of silence
 p - a scroll of brand weapon {unknown}
Potions
 e - 2 potions of might
 i - a potion of invisibility
 j - a potion of enlightenment
 k - a potion of magic {unknown}
 l - 2 potions of heal wounds
 n - a potion of haste
 q - a potion of cancellation {unknown}
 r - a potion of mutation {unknown}


   Skills:
 + Level 5.1 Fighting
 + Level 5.8 Long Blades
 + Level 6.0 Armour
 + Level 1.0 Dodging
 + Level 5.0 Shields


You had 6 spell levels left.
You didn't know any spells.
Your spell library contained the following spells:

 Spells                   Type           Power      Damage    Failure   Level
 Magic Dart               Conj           0%         1d3       100%        1
 Blink                    Tloc           0%         N/A       100%        2
 Call Imp                 Summ           0%         N/A       100%        2


Dungeon Overview and Level Annotations

Branches:
Dungeon (5/15)              Sewer (visited)
 Temple: D:4-7

Altars:


Innate Abilities, Weirdness & Mutations

You have a pair of horns on your head.
You reflexively headbutt those who attack you in melee.


Message History

A puff of flame appears from out of thin air!
The puff of flame hits you.
* * * LOW HITPOINT WARNING * * *
Something hits you but does no damage.
You miss something. Your headbutt misses something.
Something hits you but does no damage. x2
Unknown command.
Something hits you.
* * * LOW HITPOINT WARNING * * *
Something hits you.
* * * LOW HITPOINT WARNING * * *
Things that are here:
a +0 hand axe; a +0 scale mail; an orc corpse Unknown command.
Things that are here:
a +0 mace; a +0 ring mail You closely miss something.
Something hits you.
* * * LOW HITPOINT WARNING * * *
Something hits you.
* * * LOW HITPOINT WARNING * * *
Unknown command.
You feel less confused.
You hear some strange, mumbled words.
A puff of flame appears from out of thin air!
The puff of flame hits you.
* * * LOW HITPOINT WARNING * * *
You block something's attack.
Unknown command.
You barely miss something.
You hear some strange, mumbled words.
A puff of flame appears from out of thin air!
The puff of flame misses you.
Unknown command.
You hit something but do no damage.
You hear some strange, mumbled words.
Something tries to affect you, but you resist.
You hear some strange, mumbled words.
A magic dart appears from out of thin air!
The magic dart hits you!
You die...

#......'.....+........'.....
#......#####'#........#####'
#.....##.....#.......##..#..
#.....#......#.......#...'..
#.....#......#.......#...#..
#.....#......#.......#...#..
#.....#......#.......#.. #..
#.....#......#.......#. #..
#...{@.+ .. #.. ##..{..# #..
#.))..# #.# #..........# #.#
#..........# #...##.#
#..........+ ##...# #
#...####+### #8...8 # ####
## #...#### ##8##...##8#


There were no monsters in sight!

Vanquished Creatures
  An ice beast (D:5)
  A kobold brigand (Sewer)
  2 brain worms (Sewer)
  A scorpion (D:5)
  5 river rats (Sewer)
  8 adders
  A white imp (D:5)
  2 ufetubi (D:5)
  2 dart slugs (D:5)
  A ribbon worm (D:5)
  3 orcs (D:5)
  3 endoplasms
  4 giant cockroaches
  A goblin (D:2)
  4 hobgoblins
  A jackal (Sewer)
  5 kobolds
  3 quokkas
  5 ball pythons
  6 frilled lizards
  7 rats
66 creatures vanquished.

Notes
Turn   | Place    | Note
-------+----------+-------------------------------------------
     0 | D:1      | Peloso the Minotaur Fighter began the quest for the Orb.
     0 | D:1      | Reached XP level 1. HP: 19/19 MP: 0/0
   713 | D:2      | Reached XP level 2. HP: 27/27 MP: 1/1
   800 | D:2      | You fall into a shaft and drop 2 floors!
   914 | D:2      | Reached skill level 4 in Armour
   954 | D:2      | Reached XP level 3. HP: 19/33 MP: 2/2
  1117 | D:2      | Found a faded altar of an unknown god.
  1597 | D:5      | Entered Level 5 of the Dungeon
  1616 | D:5      | Noticed an ice beast
  1638 | D:5      | Killed an ice beast
  1639 | D:5      | Reached XP level 4. HP: 5/41 MP: 3/3
  1694 | D:5      | Reached XP level 5. HP: 11/47 MP: 4/4
  1699 | D:5      | Found a glowing drain.
  1732 | Sewer    | Entered a sewer
  1797 | Sewer    | Reached skill level 5 in Armour
  1880 | Sewer    | HP: 1/47 [brain worm/psychic fangs (6)]
  1883 | Sewer    | Reached XP level 6. HP: 2/53 MP: 1/5
  1954 | Sewer    | Reached skill level 5 in Long Blades
  1955 | Sewer    | HP: 2/55 [poisoned by a kobold brigand]
  2079 | Sewer    | Reached skill level 5 in Fighting
  2079 | Sewer    | Reached skill level 5 in Shields
  2271 | D:5      | Reached skill level 6 in Armour
  2271 | D:5      | Reached skill level 1 in Dodging
  2271 | D:5      | Reached XP level 7. HP: 44/61 MP: 6/6
  2547 | D:5      | Killed from afar by an orc wizard

Illustrated notes

Levels and vault maps discovered:
D:1:      amcnicky_arrival_gap_in_the_tavern_cellar, layout_loops_ring
D:2:      layout_rooms, hellmonk_ecumenical_altar_leap_of_faith
D:3:      layout_loops_cross, gammafunk_ghost_grave
D:4:      layout_basic, minmay_temple_entry_mist
D:5:      layout_gridville, lightli_ossuary_entry_decrepit_ruins,
          portal_sewer_entry_f, corexii_hall_statues_x,
          kennysheep_generic_room_10

Skill      XL: |  1  2  3  4  5  6 |
---------------+-------------------+-----
Fighting       | 4 5 |  5.1
Shields        | 4 5 |  5.0
Armour         | 4 5 6 |  6.0
Long Blades    | 4 5 |  5.8
Dodging        | 1 |  1.0

Action                     |  1- 3 |  4- 6 |  7- 9 || total
---------------------------+-------+-------+-------++-------
  Melee: Long sword        |    76 |   164 |    25 ||   265
         Headbutt          |     6 |    22 |     2 ||    30
    Use: Potion            |     5 |     3 |       ||     8
         Scroll            |     3 |     4 |       ||     7
 Armour: Scale mail        |     6 |       |       ||     6
         Plate armour      |    60 |   194 |    52 ||   306
  Dodge: Dodged            |    21 |    57 |     6 ||    84
  Block: Buckler           |    16 |    48 |     6 ||    70
